 Dungeon Crawl Stone Soup version 0.31-a0-507-gbafd7f5274 (webtiles) character file.

Game seed: 7211697881570508340

3070 randomguy2701 the Thaumaturge (level 9, -1/39 (48) HPs)
             Began as a Deep Elf Necromancer on Aug 9, 2023.
             Was a Follower of Sif Muna.
             Killed by divine providence
             ... invoked by Jeremiah
              (12 damage)
             ... on level 8 of the Dungeon.
             The game lasted 00:25:10 (9789 turns).

randomguy2701 the Thaumaturge (DENe)                Turns: 9789, Time: 00:25:15

HP:   -1/39 (48)    AC: 13    Str: 14    XL:     9   Next: 58%
MP:   35/35         EV:  2    Int: 25    God:    Sif Muna [*.....]
Gold: 405           SH:  0    Dex: -15 (15)Spells: 26/30 levels left

rFire   . . .        u - +4 trident (vamp)
rCold   . . .        (no shield)
rNeg    . . .        y - +2 leather armour "Odyunn" {rPois Regen+ MP+9 Str+9}
rPois   +            s - +1 helmet
rElec   .            (no cloak)
rCorr   .            r - +0 pair of gloves
SInv    .            q - +0 pair of boots
Will    .....        o - amulet of regeneration Stlth
                     i - ring of flight
HPRegen 1.86/turn    m - +4 ring of protection
MPRegen 0.24/turn

%: no passive effects
@: flying, slowed, lost dexterity, heavily drained, very slow
A: no striking features
a: Renounce Religion, Channel Magic


You were on level 8 of the Dungeon.
You worshipped Sif Muna.
Sif Muna was aware of your devotion.
You visited 1 branch of the dungeon, and saw 8 of its levels.

You collected 405 gold pieces.

Inventory:

Hand Weapons
 u - a +4 vampiric trident (weapon)
 D - a +0 orcbow
Missiles
 A - 3 throwing nets
Armour
 a - a +0 robe
 q - a +0 pair of boots (worn)
 r - a +0 pair of gloves (worn)
 s - a +1 helmet (worn)
 y - the +2 leather armour "Odyunn" (worn) {rPois Regen+ MP+9 Str+9}
   (You found it on level 5 of the Dungeon)

   Str+9:     It affects your strength (+9).
   rPois:     It protects you from poison MP+9: It affects your magic capacity
   (+9).
   Regen+:    It increases your rate of health regeneration.
Jewellery
 i - a ring of flight (left hand)
 m - a +4 ring of protection (right hand)
 o - an amulet of regeneration (around neck)
 v - a ring of protection from fire
 G - a ring of see invisible
 H - an amulet of reflection
Wands
 B - a wand of flame (14)
 C - a wand of paralysis (8)
Scrolls
 f - a scroll of amnesia {unknown}
 h - 2 scrolls of immolation {unknown}
 j - a scroll of identify
 p - 2 scrolls of noise {unknown}
 w - 2 scrolls of revelation {unknown}
 E - 2 scrolls of butterflies {unknown}
 F - 2 scrolls of enchant armour {unknown}
 I - a scroll of brand weapon {unknown}
 J - a scroll of poison {unknown}
Potions
 b - 3 potions of magic
 c - 3 potions of might
 d - 4 potions of curing
 e - 4 potions of mutation
 k - a potion of berserk rage {unknown}
 l - a potion of degeneration {unknown}
 n - a potion of lignification
 t - 3 potions of heal wounds
 x - 2 potions of ambrosia
 z - 2 potions of enlightenment


   Skills:
 + Level 2.0 Fighting
 - Level 0.4 Polearms
 + Level 2.0 Ranged Weapons
 - Level 1.6 Armour
 + Level 5.0 Dodging
 + Level 3.2 Stealth
 + Level 11.3 Spellcasting
 + Level 10.5 Necromancy
 * Level 3.8 Invocations


You had 26 spell levels left.
You knew the following spells:

 Your Spells              Type           Power      Damage    Failure   Level
a - Necrotise             Necr           100%       1d9       1%          1
b - Vampiric Draining     Necr           61%        2d10      1%          3

Your spell library contained the following spells:

 Spells                   Type           Power      Damage    Failure   Level
 Sublimation of Blood     Necr           61%        N/A       1%          2
 Animate Dead             Necr           61%        N/A       1%          4
 Agony                    Necr           61%        N/A       1%          5
 Blink                    Tloc           28%        N/A       9%          2
 Wereblood                Tmut           14%        N/A       9%          2
 Portal Projectile        Hex/Tloc       28%        N/A       16%         3
 Tukima's Dance           Hex            14%        N/A       16%         3
 Iskenderun's Mystic Bla  Conj/Tloc      14%        2d5       47%         4
 Manifold Assault         Tloc           14%        N/A       47%         4
 Summon Hydra             Summ           7%         N/A       100%        7


Dungeon Overview and Level Annotations

Branches:
Dungeon (8/15)             Temple (0/1) D:6
   Lair: D:8-11

Altars:
Ashenzari
Sif Muna
Trog
Vehumet

Shops:
D:3 (   D:4 [   D:7 =

Annotations:
D:5 Pikel
D:8 Jeremiah


Message History

Aiming: Necrotise (safe; 1% risk of failure)
Press: ? - help, Shift-Dir - straight line, f - you
Okay, then.
No target in view!
The butterfly disappears in a burst of colours!
The butterfly disappears in a burst of colours!
The butterfly disappears in a burst of colours! x2
You see here 6 stones.
Casting: Necrotise (safe; 1% risk of failure)
Confirm with . or Enter, or press ? or * to list all spells.
Aiming: Necrotise (safe; 1% risk of failure)
Press: ? - help, Shift-Dir - straight line, f - you
Okay, then.
The butterfly disappears in a burst of colours!
You miss the butterfly.
The butterfly disappears in a burst of colours!
You miss the butterfly. Your punch misses the butterfly.
You completely miss the butterfly.
The butterfly disappears in a burst of colours!
The butterfly disappears in a burst of colours! x2
You hit the butterfly.
You kill the butterfly!
The butterfly disappears in a burst of colours! x2
You miss the butterfly. You miss the butterfly.
Jeremiah shouts, "O dreadful one, destroy my foe!"
Something smites you!
Jeremiah cries, "Fearful master, protect me!"
Something smites you!
Jeremiah hops!
Jeremiah attacks as you move away! Jeremiah barely misses you.
Jeremiah hits you from afar with a +4 glaive of draining!
You feel drained. Jeremiah hits you but does no damage.
You feel drained.
You barely miss the butterfly.
Jeremiah throws their arms up pleadingly.
Something smites you!
* * * LOW HITPOINT WARNING * * *
Jeremiah mumbles a slurred invocation.
Something smites you!
You die...

### .b#
#b# #.# #.
#b# #.#
#b# #.#
#.# #.###
########b#
....#
#...(.@bF#
....####
#.########
.......#
#.#
....##.#
#.#
....##.#
#.#
#.####.#
#.# #.#
#.####.#
#.#
#......#
#.#
########


You could see Jeremiah.

Vanquished Creatures
  Maggie (D:6)
  A troll (D:8)
  A hornet (D:7)
  A steam dragon (D:8)
  Duvessa (D:5)
  A water moccasin (D:7)
  2 orc warriors
  2 ogres (D:5)
  A centaur (D:6)
  A lemure (D:5)
  Blork the orc (D:5)
  2 bullfrogs (D:7)
  5 scorpions
  Dowan (D:5)
  A howler monkey (D:6)
  4 quasits
  2 hounds
  An orc priest (D:7)
  2 jellies
  A gnoll bouda (D:7)
  7 iguanas
  5 orc wizards
  4 gnolls
  9 adders
  A shadow imp (D:6)
  5 white imps (D:7)
  6 ufetubi
  A worm (D:3)
  4 dart slugs
  10 orcs
  4 ball pythons
  4 endoplasms
  4 giant cockroaches
  3 goblins
  4 hobgoblins
  11 jackals
  5 quokkas
  4 bats
  5 frilled lizards
  8 kobolds
  3 rats
139 creatures vanquished.

Vanquished Creatures (collateral kills)
  A howler monkey (D:7)
  2 gnolls (D:7)
  3 adders
  A shadow imp (D:6)
  An ufetubus (D:6)
  2 orcs
10 creatures vanquished.

Vanquished Creatures (others)
  A sleepcap (D:8)
  An orc (D:8)
2 creatures vanquished.

Grand Total: 151 creatures vanquished

Notes
Turn   | Place    | Note
-------+----------+-------------------------------------------
     0 | D:1      | randomguy2701 the Deep Elf Necromancer began the quest for
                  | the Orb.
     0 | D:1      | Reached XP level 1. HP: 10/10 MP: 6/6
   155 | D:1      | Reached skill level 5 in Necromancy
   424 | D:1      | Reached XP level 2. HP: 15/15 MP: 5/8
   885 | D:2      | Found a radiant altar of Vehumet.
  1047 | D:2      | Reached XP level 3. HP: 19/19 MP: 7/10
  2124 | D:3      | Reached skill level 4 in Spellcasting
  2364 | D:3      | Reached XP level 4. HP: 24/24 MP: 3/12
  2481 | D:3      | Found Umnathi's Antique Weapon Boutique.
  3261 | D:4      | Learned a level 3 spell: Vampiric Draining
  3356 | D:4      | Found a broken altar of Ashenzari.
  3402 | D:4      | Reached skill level 5 in Spellcasting
  3402 | D:4      | Reached XP level 5. HP: 23/28 MP: 0/14
  3581 | D:4      | Found a sand-covered staircase.
  3738 | D:4      | Found Viaplaoth's Antique Armour Shop.
  3916 | D:4      | Found a bloodstained altar of Trog.
  4108 | D:5      | Entered Level 5 of the Dungeon
  4177 | D:5      | Reached skill level 6 in Spellcasting
  4177 | D:5      | Reached XP level 6. HP: 17/32 MP: 10/17
  4345 | D:5      | Identified the +2 leather armour "Odyunn" {rPois Regen+
                  | MP+9 Str+9}
  4463 | D:5      | Noticed Blork the orc
  4471 | D:5      | Reached skill level 1 in Armour
  4471 | D:5      | Reached skill level 7 in Spellcasting
  4471 | D:5      | Reached XP level 7. HP: 30/36 MP: 19/19
  4476 | D:5      | Killed Blork the orc
  4743 | D:5      | Noticed Pikel
  4917 | D:5      | Reached skill level 8 in Spellcasting
  5005 | D:5      | Noticed Duvessa
  5006 | D:5      | Noticed Dowan
  5011 | D:5      | Killed Dowan
  5017 | D:5      | Killed Duvessa
  5147 | D:5      | Found a shimmering blue altar of Sif Muna.
  5195 | D:5      | Became a worshipper of Sif Muna the Loreminder
  5338 | D:6      | Reached XP level 8. HP: 42/42 MP: 21/22
  5431 | D:6      | Noticed Maggie
  5433 | D:6      | Paralysed by Maggie for 3 turns
  5445 | D:6      | Killed Maggie
  5446 | D:6      | Reached skill level 9 in Spellcasting
  5668 | D:6      | Reached skill level 10 in Spellcasting
  5723 | D:6      | Reached skill level 1 in Invocations
  5894 | D:6      | Found a staircase to the Ecumenical Temple.
  6340 | D:7      | Noticed a hornet
  6345 | D:7      | Killed a hornet
  6346 | D:7      | Reached skill level 1 in Fighting
  6346 | D:7      | Reached skill level 1 in Ranged Weapons
  6380 | D:6      | Reached XP level 9. HP: 47/47 MP: 17/25
  6424 | D:6      | Lost dexterity.
  8568 | D:7      | Reached skill level 10 in Necromancy
  8681 | D:7      | Identified the +1 sling "Xyec" {drain, Will+}
  8769 | D:7      | Reached * piety under Sif Muna
  9001 | D:7      | Found Neuptal's Jewellery Emporium.
  9468 | D:8      | Reached skill level 11 in Spellcasting
  9473 | D:8      | Noticed a troll
  9483 | D:8      | Killed a troll
  9484 | D:8      | Reached skill level 5 in Dodging
  9737 | D:8      | Noticed Jeremiah
  9789 | D:8      | Killed from afar by Jeremiah

Illustrated notes

Levels and vault maps discovered:
D:1:      spicycebolla_arrival_ecumenical, layout_basic
D:2:      layout_basic, basic_altar, serial_rivers,
          chequers_serial_rivers_micro_a, chequers_serial_rivers_micro_a,
          chequers_serial_rivers_room_b, chequers_serial_rivers_room_b,
          chequers_serial_rivers_small_b, chequers_serial_rivers_micro_b
D:3:      layout_rooms, serial_shops, nicolae_shop_real_fake_doors,
          minmay_fractal_squares_gapless_5
D:4:      layout_basic, kennysheep_mini, amcnicky_altar_gilded, serial_forest,
          infiniplex_forest_lined_2, infiniplex_forest_corner_1,
          infiniplex_forest_clump_tiny, infiniplex_forest_lined_1,
          infiniplex_forest_split, infiniplex_forest_lined_4_way,
          infiniplex_forest_lined_3, enter_ossuary_5,
          nicolae_inconvenience_store
D:5:      layout_basic, lemuel_crystal_altar, uniq_pikel, uniq_duvessa,
          uniq_blork_the_orc
D:6:      layout_basic, minmay_temple_entry_fiery, grunt_decor_clamped,
          uniq_maggie
D:7:      layout_basic, serial_demonic, serial_demonic_g, serial_demonic_c,
          serial_demonic_c, serial_demonic_e, serial_demonic_b,
          serial_demonic_c, serial_demonic_c, serial_demonic_a,
          nicolae_take_the_stairs
D:8:      layout_loops_ring, uniq_jeremiah

Skill      XL: |  1  2  3  4  5  6  7  8  9 |
---------------+----------------------------+-----
Necromancy     | 5 6 7 8 9 10 | 10.5
Spellcasting   | 4 5 6 7 8 10 11 | 11.3
Stealth        | 3 |  3.2
Armour         | 1 |  1.6
Dodging        | 3 5 |  5.0
Invocations    | 2 3 |  3.8
Fighting       | 1 2 |  2.0
Ranged Weapons | 1 2 |  2.0
Polearms       | |  0.4

Action                     |  1- 3 |  4- 6 |  7- 9 || total
---------------------------+-------+-------+-------++-------
  Melee: Unarmed           |     1 |    18 |       ||    19
         Trident           |       |       |   146 ||   146
   Fire: Orcbow            |       |       |   237 ||   237
   Cast: Necrotise         |    73 |    86 |   155 ||   314
         Vampiric Draining |       |     2 |    32 ||    34
  Evoke: Wand              |       |       |     1 ||     1
    Use: Scroll            |       |       |     8 ||     8
 Armour: Robe              |     8 |    27 |       ||    35
         Leather armour    |       |     2 |  2318 ||  2320
  Dodge: Dodged            |     2 |    16 |   570 ||   588

Table legend: (Time is in decaauts)
 A = Elapsed time spent in this place.
 B = Non-inter-level travel time spent in this place.
 C = Inter-level travel time spent in this place.
 D = Time resting spent in this place.
 E = Time spent auto-exploring this place.
 F = Levels seen in this place.
 G = Mean time per level.
                   A        B        C        D        E       F      G
               +--------+--------+--------+--------+--------+-----+--------+
         Total |  11692 |  10298 |   1394 |   2700 |   5678 |   8 | 1461.5 |
       Dungeon |  11692 |  10298 |   1394 |   2700 |   5678 |   8 | 1461.5 |
               +--------+--------+--------+--------+--------+-----+--------+

Top non-repeatable levels by time:
     D:6: 4330 daAuts
     D:7: 1437 daAuts
     D:5: 1306 daAuts
     D:2: 1077 daAuts
     D:1: 1076 daAuts
     D:3: 1012 daAuts
     D:4: 996 daAuts
     D:8: 454 daAuts
